 Dungeon Crawl Stone Soup version 0.26-a0-663-g36e8fdb655 (console) character file.

Game seed: 219874604596948374

180 om the Ruffian (level 5, -4/41 HPs)
             Began as a Draconian Transmuter on Oct 12, 2020.
             Was an Initiate of Makhleb.
             Slain by a mummy (14 damage)
             ... on level 4 of the Dungeon.
             The game lasted 00:04:23 (3010 turns).

om the Ruffian (Draconian Transmuter)               Turns: 3010, Time: 00:04:24

Health: -4/41      AC:  5    Str: 14    XL:     5   Next: 33%
Magic:  7/8        EV: 12    Int: 13    God:    Makhleb [......]
Gold:   171        SH:  0    Dex: 11    Spells: 5/9 levels left

rFire    . . .     SeeInvis .     - Unarmed
rCold    . . .     Faith    .   (no shield)
rNeg     . . .     Spirit   .   (armour unavailable)
rPois    .         Reflect  .   (helmet currently unavailable)
rElec    .         Harm     .   (no cloak)
rCorr    .         Rampage  .   (no gloves)
MR       .....                  (boots currently unavailable)
Stlth    +.........             (no amulet)
HPRegen  0.13/turn              (no ring)
MPRegen  0.11/turn              (no ring)

@: appendages
A: unfitting armour, horns 2, talons 2, cold-blooded, AC +5
a: End Transformation, Renounce Religion


You were on level 4 of the Dungeon.
You worshipped Makhleb.
Makhleb was noncommittal.
You had grown temporary horns.
You had grown temporary talons.
You visited 1 branch of the dungeon, and saw 4 of its levels.

You collected 171 gold pieces.

Inventory:

Hand Weapons
 b - a +0 club
Jewellery
 c - an uncursed amulet of faith {unknown}
 g - an uncursed ring of fire {unknown}
 h - a +4 ring of evasion {unknown}
Scrolls
 f - 2 scrolls of identify {unknown}
 j - 2 scrolls of remove curse {unknown}
 k - 4 scrolls of teleportation {unknown}
 m - a scroll of enchant weapon {unknown}
 n - a scroll of amnesia {unknown}
 o - a scroll of noise {unknown}
Potions
 a - a potion of ambrosia {unknown}
 d - 2 potions of heal wounds {unknown}
 e - a potion of flight {unknown}
 i - a potion of lignification {unknown}
 l - a potion of haste {unknown}
 p - a potion of curing {unknown}


   Skills:
 - Level 2.0 Fighting
 + Level 2.4 Dodging
 * Level 4.2 Unarmed Combat
 + Level 2.6 Spellcasting
 * Level 3.2 Transmutations
 + Level 0.8 Poison Magic


You had 5 spell levels left.
You knew the following spells:

 Your Spells              Type           Power        Failure   Level
a - Beastly Appendage     Tmut           ##....       6%          1
b - Spider Form           Tmut/Pois      #.........   30%         3

Your spell library contained the following spells:

 Spells                   Type           Power        Failure   Level
 Wereblood                Tmut           ##......     10%         2
 Ice Form                 Ice/Tmut       #.......     77%         4
 Blade Hands              Tmut           ##........   87%         5


Dungeon Overview and Level Annotations

Branches:
Dungeon (4/15)
 Temple: D:4-7

Altars:
Ashenzari
Makhleb
Vehumet

Portals:
Ossuary: D:4


Innate Abilities, Weirdness & Mutations

Your plain brown scales are hard. (AC +5)
You cannot fit into any form of body armour.
You are cold-blooded and may be slowed by cold attacks.
You have a pair of horns on your head.
You have razor-sharp toenails.


Message History

You open the door.
A mummy comes into view.
Found a sand-covered staircase.
Casting: Beastly Appendage (safe; 6% risk of failure)
Confirm with . or Enter, or press ? or * to list all spells.
You grow a pair of large bovine horns.
Your feet morph into talons.
The mummy barely misses you.
You hit the mummy. Your kick misses the mummy. Your headbutt misses the mummy.
The mummy is moderately damaged.
You hit the mummy. Your kick misses the mummy. You tail-slap the mummy.
The mummy is heavily damaged.
The mummy hits you!
* * * LOW HITPOINT WARNING * * *
You barely miss the mummy. You claw the mummy.
The mummy is severely damaged.
The adder closely misses you.
You completely miss the mummy.
The mummy is severely damaged.
The adder barely misses you. The mummy hits you!
You die...

#.. #. ..............
#....#.##...<........#
#....#.# #...........##
#....#.+ ##............
##....#.###.#...........
#.......##..##..........
#.......#...# #........>
#...........+ ##......$.
#.......#...###..#.?..##
#.......##..##...#....##
#......@###.#....#.†...#
#.....S.M∩##.....#.....#
......#.###......#....##
......#.##.......#....##
..!.....#........#......
..............S..#......
..... #..#.......#....##
#### ............#....##
............#......
#...... #....<.


You could see a mummy and an adder.

Vanquished Creatures
  A crimson imp (D:3)
  2 worker ants (D:4)
  2 adders
  An ooze (D:1)
  A worm (D:3)
  3 dart slugs
  3 leopard geckos
  An orc (D:3)
  8 bats
  3 giant cockroaches
  7 goblins (D:1)
  7 hobgoblins
  8 jackals
  4 kobolds
  A quokka (D:2)
  3 frilled lizards
  5 rats
60 creatures vanquished.

Vanquished Creatures (others)
  2 plants (D:3)
2 creatures vanquished.

Grand Total: 62 creatures vanquished

Notes
Turn   | Place    | Note
-------+----------+-------------------------------------------
     0 | D:1      | om the Draconian Transmuter began the quest for the Orb.
     0 | D:1      | Reached XP level 1. HP: 16/16 MP: 3/3
    91 | D:1      | Reached XP level 2. HP: 23/23 MP: 3/5
   629 | D:1      | Reached XP level 3. HP: 28/28 MP: 6/6
   974 | D:2      | Found a broken altar of Ashenzari.
  1723 | D:3      | Reached XP level 4. HP: 29/36 MP: 7/7
  1731 | D:3      | Learned a level 3 spell: Spider Form
  2667 | D:3      | Found a burning altar of Makhleb.
  2669 | D:3      | Found a radiant altar of Vehumet.
  2698 | D:3      | Reached skill level 4 in Unarmed Combat
  2701 | D:3      | Became a worshipper of Makhleb the Destroyer
  2942 | D:4      | Reached XP level 5. HP: 22/41 MP: 6/8
  3005 | D:4      | Found a sand-covered staircase.
  3010 | D:4      | Slain by a mummy

Illustrated notes

Levels and vault maps discovered:
D:1:      eino_arrival_tree_alley, layout_basic
D:2:      layout_loops_ring, nicolae_ashenzari_panopticon, minmay_tromino_i2
D:3:      cheibrodos_old_hovel, layout_loops_ring,
          grunt_temple_overflow_lords_of_destruction
D:4:      layout_gridville, nicolae_ossuary_entry_giza, corexii_checkpoint_a,
          nicolae_dithmenos_the_darkroom, uniq_edmund

Skill      XL: |  1  2  3  4 |
---------------+-------------+-----
Dodging        | 2 |  2.4
Fighting       | 2 |  2.0
Unarmed Combat | 4 |  4.2
Transmutations | 3 |  3.2
Spellcasting   | |  2.6
Poison Magic   | |  0.8

Action                   |  1- 3 |  4- 6 || total
-------------------------+-------+-------++-------
Melee: Unarmed           |    90 |    80 ||   170
       Kick              |    20 |    16 ||    36
       Tailslap          |     6 |     5 ||    11
       Club              |    16 |       ||    16
       Headbutt          |    11 |    13 ||    24
       Punch             |     2 |       ||     2
 Cast: Beastly Appendage |    23 |    19 ||    42
Armor: Skin              |    56 |    18 ||    74
Dodge: Dodged            |   114 |    48 ||   162

Table legend: (Time is in decaauts)
 A = Elapsed time spent in this place.
 B = Non-inter-level travel time spent in this place.
 C = Inter-level travel time spent in this place.
 D = Time resting spent in this place.
 E = Time spent auto-exploring this place.
 F = Levels seen in this place.
 G = Mean time per level.
                   A        B        C        D        E       F      G
               +--------+--------+--------+--------+--------+-----+--------+
         Total |   3000 |   2902 |     98 |    477 |   1986 |   4 |  750.0 |
       Dungeon |   3000 |   2902 |     98 |    477 |   1986 |   4 |  750.0 |
               +--------+--------+--------+--------+--------+-----+--------+

Top non-repeatable levels by time:
     D:3: 1194 daAuts
     D:1: 891 daAuts
     D:2: 807 daAuts
     D:4: 108 daAuts
